 Dungeon Crawl Stone Soup version bcrawl-1.21 (webtiles) character file.

Game seed: 1414107344090565368

4790 Foic the Grappler (level 10, -24/92 HPs)
             Began as a Troll Martial Artist on Feb 15, 2020.
             Was a High Priest of Wu Jian.
             Annihilated by a white ugly thing (30 damage)
             ... on level 8 of the Dungeon.
             The game lasted 00:25:45 (6850 turns).

Foic the Grappler (Troll Martial Artist)            Turns: 6850, Time: 00:25:45

Health: -24/92     AC:  9    Str: 24    XL:     10   Next: 24%
Magic:  0/10       EV: 12    Int:  6    God:    Wu Jian [*****.]
Gold:   394        SH:  0    Dex: 13    Spells: 10/11 levels left

rFire    + . .     SeeInvis .     - Unarmed
rCold    . . .     Gourm    +   (no shield)
rNeg     . . .     Faith    .   (armour unavailable)
rPois    .         Spirit   +   B - +1 hat
rElec    .         Reflect  .   (no cloak)
rCorr    .         Harm     .   (gloves unavailable)
MR       .....                  (boots unavailable)
Stlth    ++++......             p - amulet of guardian spirit
HPRegen  0.65/turn              o - ring of protection from fire
MPRegen  0.12/turn              c - ring of stealth

@: no status effects
A: large, almost no armour, unfitting armour, claws 3, fast metabolism 3,
gourmand, regeneration 1, AC +8
a: Wall Jump, Serpent's Lash, Heavenly Storm, Renounce Religion


You were on level 8 of the Dungeon.
You worshipped Wu Jian.
Wu Jian was extremely pleased with you.
You were completely stuffed.

You visited 2 branches of the dungeon, and saw 9 of its levels.

You collected 548 gold pieces.
You spent 154 gold pieces at shops.

Inventory:

Hand Weapons
 q - the +10 war axe of Forhegy {vamp, rElec rC+ MR+ Dex-2, unknown}
   (You found it on level 5 of the Dungeon)

   It inflicts no extra harm, but heals its wielder when it wounds a living foe.
   It affects your dexterity (-2).
   It protects you from cold.
   It insulates you from electricity.
   It affects your resistance to hostile enchantments.
Missiles
 k - 2347 stones (quivered)
 m - 76 tomahawks
 s - 2 throwing nets {!f}
Armour
 B - a +1 hat (worn)
Jewellery
 c - a ring of stealth (right claw)
 o - a ring of protection from fire (left claw)
 p - an amulet of guardian spirit (around neck)
 u - an uncursed ring of ice
 y - an uncursed ring of positive energy
Wands
 n - a wand of random effects (9)
 x - a wand of polymorph (10)
Scrolls
 b - 3 scrolls of fear
 d - 4 scrolls of amnesia {unknown}
 f - 4 scrolls of remove curse
 h - a scroll of fog {unknown}
 l - 2 scrolls of teleportation
 t - a scroll of immolation {unknown}
 w - a scroll of enchant armour
Potions
 a - a potion of agility
 g - 3 potions of curing
 i - a potion of mutation {unknown}
 j - 3 potions of degeneration {unknown}
 r - a potion of invisibility {unknown}
 v - a potion of resistance {unknown}
 z - a potion of might {unknown}
 A - a potion of brilliance {unknown}
Comestibles
 e - 16 rations {!d}


   Skills:
 + Level 3.8 Fighting
 + Level 5.7 Dodging
 + Level 2.8 Stealth
 + Level 12.7 Unarmed Combat
 + Level 1.0 Spellcasting
 + Level 1.0 Hexes


You had 10 spell levels left.
You knew the following spells:

 Your Spells              Type           Power        Failure   Level  Hunger
a - Confusing Touch       Hex            #.......     30%         1    ##.....

Your spell library contained the following spells:

 Spells                   Type           Power        Failure   Level  Hunger
 Corpse Rot               Necr           N/A          56%         2    ###....
 Stone Arrow              Conj/Erth      #.....       80%         3    ####...
 Summon Forest            Summ/Tloc      #.........   100%        5    ######.
 Tree Form                Hex/Tmut       N/A          100%        5    ######.
 Poison Arrow             Conj/Pois      #.........   100%        6    #######
 Summon Hydra             Summ           #.........   100%        6    #######


Dungeon Overview and Level Annotations

Branches:
Dungeon (8/12)             Temple (1/1) D:5
   Lair: D:7-9          Orc: D:8-11

Altars:
Ashenzari
Cheibriados
Dithmenos
Elyvilon
Gozag
Kikubaaqudgha
Lugonu
Makhleb
Nemelex Xobeh
Okawaru
Qazlal
Ru
Sif Muna
Trog
Uskayaw
Vehumet
Yredelemnul
Zin
The Shining One

Shops:
D:5 %   D:8 [

Annotations:
D:3 2 transporters, JackS81's ghost, amateur DsCK
D:5 exclusion: statue


Innate Abilities, Weirdness & Mutations

You cannot wear most types of armour.
Your thick skin is tough. (AC +8)
You are too large for most types of armour.
You have claws for hands.
Your metabolism is lightning-fast.
You like to eat raw meat.
Your natural rate of healing is unusually fast.


Message History

The white ugly thing tentacle-slaps you.
The white ugly thing freezes you!!
You spin and attack the white ugly thing.
You completely miss the white ugly thing.
The white ugly thing tentacle-slaps you.
The white ugly thing freezes you!
You spin and attack the white ugly thing.
You closely miss the white ugly thing.
The white ugly thing tentacle-slaps you.
The white ugly thing freezes you!!
* * * LOW HITPOINT WARNING * * *
The white ugly thing tentacle-slaps you.
* * * LOW HITPOINT WARNING * * *
The white ugly thing freezes you!!
* * * LOW HITPOINT WARNING * * *
You feel better.
The white ugly thing tentacle-slaps you.
* * * LOW HITPOINT WARNING * * *
The white ugly thing freezes you!!
You die...

♣.......P♣≈P.#
♣###.#..P≈≈P.##
#.#.#≈≈≈P...
#.#.#.P...##
#.#.##...##
#..#.)..## #..O###.#
#.u..# .# #.@#.##.#
##..∩...### #
####.#.#....# #.
#......#....#.####
#.##.###..###........
≈.........<..♣....###
≈......<........P.#
#≈...........♣.♣..♣#
#≈.......#...≈≈♣...P#


You could see a white ugly thing and an ogre.

Vanquished Creatures
  A two-headed ogre (D:6)
  2 centaur skeletons (D:7)
  A kobold demonologist (D:6)
  The ghost of Banto the Insei, a novice OpTm (D:5)
  A troll (D:7)
  A hippogriff (D:7)
  A human (D:3)
  A hungry ghost (D:6)
  4 orc warriors
  A sky beast (D:4)
  2 ice beasts
  A necrophage (D:7)
  4 ogres
  2 bullfrogs
  2 scorpions
  A water moccasin skeleton (D:7)
  A howler monkey (D:4)
  4 electric eels (D:6)
  4 crimson imps
  A bullfrog zombie (D:6)
  An orc priest (D:6)
  3 hounds
  A jelly (D:7)
  2 bullfrog skeletons (D:7)
  3 iguanas
  3 orc wizards
  10 worker ants
  Natasha (twice) (D:4)
  A mummy (D:4)
  Robin (D:2)
  A howler monkey zombie (D:5)
  10 adders
  2 oozes
  2 adder skeletons
  An adder zombie (D:5)
  3 dart slugs
  9 worms
  6 leopard geckos
  29 orcs
  2 ball pythons
  4 bats
  3 giant cockroaches
  15 goblins
  13 hobgoblins
  10 jackals
  5 kobolds
  8 quokkas
  13 frilled lizards
  A jackal skeleton (D:4)
  A jackal zombie (D:3)
  5 rats
206 creatures vanquished.

Vanquished Creatures (others)
  2 plants (D:6)
2 creatures vanquished.

Grand Total: 208 creatures vanquished

Notes
Turn   | Place    | Note
-------+----------+-------------------------------------------
     0 | D:1      | Foic the Troll Martial Artist began the quest for the Orb.
     0 | D:1      | Reached XP level 1. HP: 22/22 MP: 1/1
   218 | D:1      | Reached XP level 2. HP: 29/29 MP: 2/2
   259 | D:1      | Reached ** piety under Wu Jian
   339 | D:1      | Reached XP level 3. HP: 36/36 MP: 3/3
  1240 | D:2      | Noticed Robin
  1247 | D:2      | Reached skill level 5 in Unarmed Combat
  1256 | D:2      | Gained mutation: Your natural rate of healing is unusually
                  | fast. [Troll growth]
  1256 | D:2      | Reached XP level 4. HP: 43/44 MP: 4/4
  1266 | D:2      | Reached *** piety under Wu Jian
  1272 | D:2      | Killed Robin
  1699 | D:3      | Reached XP level 5. HP: 46/50 MP: 5/5
  1879 | D:3      | Found a runed door.
  1879 | D:3      | Noticed a human
  1881 | D:3      | Found a basalt altar of Yredelemnul.
  1920 | D:3      | Killed a human
  1920 | D:3      | Reached skill level 6 in Unarmed Combat
  1920 | D:3      | Reached XP level 6. HP: 56/59 MP: 6/6
  2341 | D:3      | Found a faded altar of an unknown god.
  2391 | D:3      | Found a basalt altar of Yredelemnul.
  2394 | D:3      | Found a transporter.
  2398 | D:3      | Found a transporter.
  2401 | D:3      | Noticed JackS81's ghost (amateur DsCK)
  2553 | D:4      | Noticed an ice beast
  2560 | D:4      | Killed an ice beast
  2560 | D:4      | Reached skill level 1 in Stealth
  2749 | D:4      | Found an iron altar of Okawaru.
  2803 | D:4      | Reached **** piety under Wu Jian
  2803 | D:4      | Reached skill level 7 in Unarmed Combat
  2941 | D:4      | Reached XP level 7. HP: 59/66 MP: 5/7
  3027 | D:4      | Found a burning altar of Makhleb.
  3027 | D:4      | Noticed a blizzard demon
  3067 | D:4      | Noticed Natasha
  3071 | D:4      | Killed Natasha
  3274 | D:4      | Noticed Natasha
  3281 | D:4      | Killed Natasha
  3347 | D:4      | Reached skill level 8 in Unarmed Combat
  3467 | D:5      | Entered Level 5 of the Dungeon
  3468 | D:5      | Found a staircase to the Ecumenical Temple.
  3478 | Temple   | Entered the Ecumenical Temple
  3667 | D:5      | Got an iridescent war axe
  3799 | D:5      | Found a radiant altar of Vehumet.
  4180 | D:5      | Reached XP level 8. HP: 74/74 MP: 8/8
  4291 | D:5      | Found Vixel's Food Shoppe.
  4766 | D:5      | Found a runed translucent door.
  4767 | D:5      | Noticed Banto's ghost (novice OpTm)
  4834 | D:5      | Killed Banto's ghost
  4834 | D:5      | Reached skill level 9 in Unarmed Combat
  4886 | D:5      | Found a runed translucent door.
  5205 | D:6      | Reached skill level 10 in Unarmed Combat
  5257 | D:6      | Noticed a kobold demonologist
  5266 | D:6      | Noticed a sun demon
  5269 | D:6      | Noticed an ice devil
  5272 | D:6      | Killed a kobold demonologist
  5272 | D:6      | Reached XP level 9. HP: 31/83 MP: 3/9
  5379 | D:6      | Reached ***** piety under Wu Jian
  5890 | D:6      | Noticed a two-headed ogre
  5897 | D:6      | Killed a two-headed ogre
  5897 | D:6      | Reached skill level 5 in Dodging
  5897 | D:6      | Reached skill level 11 in Unarmed Combat
  6081 | D:7      | Found a shadowy altar of Dithmenos.
  6147 | D:7      | Noticed a troll
  6153 | D:7      | Killed a troll
  6153 | D:7      | Reached skill level 12 in Unarmed Combat
  6347 | D:7      | Reached XP level 10. HP: 87/92 MP: 10/10
  6437 | D:7      | Found a bloodstained altar of Trog.
  6765 | D:7      | Found a white marble altar of Elyvilon.
  6814 | D:8      | Found Peibrump's Armour Shop.
  6824 | D:8      | Bought a +1 hat for 154 gold pieces
  6837 | D:8      | Noticed a white ugly thing
  6849 | D:8      | HP: 1/92 [white ugly thing (24)]
  6850 | D:8      | Annihilated by a white ugly thing

Skill      XL: |  1  2  3  4  5  6  7  8  9 |
---------------+----------------------------+-----
Unarmed Combat | 5 6 7 8 10 12 | 12.7
Dodging        | 3 4 5 |  5.7
Stealth        | 1 2 |  2.8
Fighting       | 3 |  3.8
Spellcasting   | |  1.0
Hexes          | |  1.0

Action                   |  1- 3 |  4- 6 |  7- 9 | 10-12 || total
-------------------------+-------+-------+-------+-------++-------
Melee: Unarmed           |   119 |   135 |   284 |    42 ||   580
       Punch             |     2 |     4 |     6 |     2 ||    14
Invok: Whirlwind         |    32 |    36 |    69 |    12 ||   149
       Lunge             |     8 |    13 |    27 |     2 ||    50
 Abil: Serpent's Lash    |       |       |     4 |       ||     4
  Use: Scroll            |       |     7 |       |     2 ||     9
       Potion            |       |       |       |     3 ||     3
 Stab: Sleeping          |     2 |     3 |     2 |     3 ||    10
       Distracted        |       |       |     1 |       ||     1
  Eat: Chunk             |    13 |    11 |    29 |     3 ||    56
Armor: Skin              |    20 |    26 |    44 |     6 ||    96
Dodge: Dodged            |    49 |    39 |   117 |    14 ||   219
